 Dungeon Crawl Stone Soup version 0.18-a0-816-g97f838e (webtiles) character file.

782 Mygna the Slasher (level 7, -1/61 HPs)
             Began as a Deep Dwarf Fighter on Dec 15, 2015.
             Was an Initiate of Pakellas.
             Slain by an ogre
             ... wielding a +0 giant spiked club
              (12 damage)
             ... on level 5 of the Dungeon.
             The game lasted 00:10:45 (3620 turns).

Mygna the Slasher (Deep Dwarf Fighter)              Turns: 3620, Time: 00:10:46

Health: -1/61      AC: 11    Str: 20    XL:     7   Next: 55%
Magic:  11/11      EV:  7    Int: 10    God:    Pakellas [......]
Gold:   200        SH:  9    Dex: 12    Spells: 0 memorised, 6 levels left

rFire  . . .     SeeInvis .     a - +0 long sword
rCold  . . .     Clarity  .     b - +0 scale mail
rNeg   + . .     SustAt   .     c - +0 shield
rPois  .         Gourm    +     y - +0 helmet
rElec  .         Spirit   .     (no cloak)
rCorr  .         Dismiss  .     d - +2 pair of gloves
rMut   .         Stasis   .     (no boots)
MR     +....                    k - amulet of the gourmand
Stlth  ..........               (no ring)
                                i - ring of positive energy

@: non-regenerating, somewhat resistant to hostile enchantments, extremely
unstealthy
A: damage resistance, recharge devices, sense surroundings 1, slow regeneration
3
a: Device Recharging, Renounce Religion


You were on level 5 of the Dungeon.
You worshipped Pakellas.
Pakellas was noncommittal.
You were very full.

You visited 2 branches of the dungeon, and saw 6 of its levels.

You collected 200 gold pieces.

Inventory:

Hand Weapons
 a - a +0 long sword (weapon)
 n - the +3 mace "Woacifug" {venom, -Tele Int+8 Stlth+, unknown}
   (You found it on level 4 of the Dungeon)

   It poisons the flesh of those it strikes.
   It affects your intelligence (+8).
   It prevents most forms of teleportation.
   It makes you more stealthy.
Missiles
 w - 9 poisoned needles
Armour
 b - a +0 scale mail (worn)
 c - a +0 shield (worn)
 d - a +2 pair of gloves (worn)
 y - a +0 helmet (worn)
Jewellery
 i - a ring of positive energy (left hand)
 k - an amulet of the gourmand (around neck)
 s - an uncursed amulet of guardian spirit
Wands
 e - a wand of heal wounds (1)
 j - a wand of draining (0)
Scrolls
 h - 2 scrolls of identify
 o - a scroll of remove curse
 r - a scroll of fog {unknown}
 t - 3 scrolls of teleportation
 u - a scroll of recharging {unknown}
Potions
 l - a potion of resistance
 m - 4 potions of curing
 p - 4 potions of heal wounds
 q - a potion of ambrosia
 x - a potion of brilliance
Books
 A - a book of Fire

   Spells                             Type                      Level
   a - Ignite Poison                  Fire/Transmutation/Poison    3
   b - Fireball                       Conjuration/Fire             5
   c - Bolt of Fire                   Conjuration/Fire             6
   d - Delayed Fireball               Conjuration/Fire             7
   e - Ring of Flames                 Charms/Fire                  7
Comestibles
 f - 2 bread rations
 g - 5 meat rations
 B - 2 beef jerkies
 C - a slice of pizza


   Skills:
 - Level 2.6 Fighting
 * Level 7.2 Long Blades
 - Level 3.2 Armour
 - Level 3.2 Shields
 + Level 6.1 Evocations


You had 6 spell levels left.
You didn't know any spells.

Dungeon Overview and Level Annotations

Branches:
Dungeon (5/15)             Temple (1/1) D:4

Altars:
Elyvilon
Fedhas
Kikubaaqudgha
Makhleb
Pakellas
Qazlal
Ru
Sif Muna
Trog
Vehumet
Xom
Yredelemnul
Zin


Innate Abilities, Weirdness & Mutations

You are resistant to damage.
You can recharge devices by infusing magical energy.
You passively map a small area around you.
You do not regenerate naturally.


Message History

* * * LOW HITPOINT WARNING * * *
You closely miss the ogre. You hit the ogre.
The ogre is lightly wounded.
You block the ogre's attack.
Your shield prevents you from hitting the ogre.
The ogre is lightly wounded.
You block the ogre's attack.
You hit the ogre.
The ogre is moderately wounded.
You block the ogre's attack.
You barely miss the ogre.
The ogre is moderately wounded.
You block the ogre's attack.
You closely miss the ogre.
The ogre is moderately wounded.
You slash the ogre!
The ogre is almost dead.
The ogre hits you with a giant spiked club!
You die...

.......'..#...................
.......##.#.....#.............
,
####.#..#.#.....#.............
# #.#..#.#.#.###.............
, #
#.#..#.#.#.##.............., #
#.#..#.#.#.##.######......# ,,
# #.#..#.#.#.##.# ......# #
#.#..#.#.#.##O# *......# #
#.#..#.#.#.##@# ......# #
#.#.<#.#.#.##.# ......#
#.#..#.#.#.##.# ......#
#.#..#.#.#....# ......#
#.#.##.#.###### , , #.#....#.#
* * #.####.#.# #.# ###.#
#.######(#


You could see an ogre.

Vanquished Creatures
  Prince Ribbit (D:5)
  An ogre (D:4)
  2 centaurs
  Blork the orc (D:5)
  A crimson imp (Temple)
  A giant frog skeleton (D:4)
  An orc wizard (D:3)
  A hound (D:4)
  A centaur skeleton (D:4)
  Robin (D:3)
  5 adders
  A shadow imp (D:5)
  2 worms
  2 giant geckos
  6 orcs (D:3)
  3 giant cockroaches
  14 goblins
  8 hobgoblins
  6 quokkas
  A ball python (D:1)
  3 bats
  7 giant newts
  8 jackals (D:2)
  4 kobolds
  2 rats
83 creatures vanquished.

Vanquished Creatures (others)
  A rat (D:3)
1 creature vanquished.

Grand Total: 84 creatures vanquished

Notes
Turn   | Place    | Note
--------------------------------------------------------------
     0 | D:1      | Mygna the Deep Dwarf Fighter began the quest for the Orb.
     0 | D:1      | Reached XP level 1. HP: 20/20 MP: 1/1
   357 | D:1      | Reached XP level 2. HP: 27/27 MP: 2/2
   814 | D:2      | Reached skill level 1 in Evocations
   930 | D:2      | Reached XP level 3. HP: 18/33 MP: 4/4
  1611 | D:3      | Reached XP level 4. HP: 18/40 MP: 5/5
  1661 | D:3      | Reached skill level 4 in Long Blades
  1719 | D:3      | Noticed Robin
  1736 | D:3      | Killed Robin
  1820 | D:3      | Found a white marble altar of Elyvilon.
  2154 | D:3      | Reached XP level 5. HP: 42/46 MP: 7/7
  2433 | D:4      | Found a staircase to the Ecumenical Temple.
  2440 | Temple   | Entered the Ecumenical Temple
  2455 | Temple   | Became a worshipper of Pakellas the Inventive
  2810 | D:4      | Noticed an ogre
  2819 | D:4      | Killed an ogre
  2819 | D:4      | Reached skill level 5 in Long Blades
  2819 | D:4      | Reached XP level 6. HP: 11/55 MP: 7/9
  2980 | D:4      | HP: 2/82 [centaur (3)]
  3160 | D:4      | Reached skill level 6 in Long Blades
  3160 | D:4      | Reached skill level 5 in Evocations
  3177 | D:4      | Got a slimy mace
  3283 | D:5      | Entered Level 5 of the Dungeon
  3298 | D:5      | Found a stormy altar of Qazlal.
  3331 | D:5      | Reached XP level 7. HP: 17/61 MP: 10/10
  3371 | D:5      | Noticed Prince Ribbit
  3383 | D:5      | Killed Prince Ribbit
  3383 | D:5      | Reached skill level 7 in Long Blades
  3408 | D:5      | Noticed Blork the orc
  3416 | D:5      | Killed Blork the orc
  3620 | D:5      | Slain by an ogre

Vault maps used:
D:1:      onia_arrival_pentagram, solitary_fountain
D:3:      elyvilon_altar_4, uniq_robin
D:4:      minmay_temple_entry_mist, corner_web_ring
D:5:      first_bread, grunt_qazlal_sundering, uniq_blork_the_orc,
          uniq_prince_ribbit1
Temple:   circular_temple_12

Action                   |  1- 3 |  4- 6 |  7- 9 || total
-------------------------+-------+-------+-------++-------
Melee: Long sword        |   174 |   163 |    32 ||   369
Evoke: Wand              |       |     3 |     4 ||     7
  Use: Potion            |     1 |     3 |       ||     4
       Scroll            |       |    14 |       ||    14
  Eat: Chunk             |     3 |    13 |     2 ||    18
